 Dungeon Crawl Stone Soup version 0.25-a0-719-gde951dce62 (webtiles) character file.

Game seed: 12560297538212284632, levelgen mode: deterministic

11 Maedhros the Scratcher (level 2, 0/14 HPs)
             Began as a Felid Chaos Knight on Apr 6, 2020.
             Was a Plaything of Xom.
             Succumbed to the capriciousness of Xom's residual poison
             ... on level 1 of the Dungeon.
             The game lasted 00:01:28 (3661 turns).

Maedhros the Scratcher (Felid Chaos Knight)         Turns: 3661, Time: 00:01:29

Health: 0/14       AC:  1    Str:  8 (10) XL:     2   Next: 13%
Magic:  3/3        EV: 18    Int: 11 (13) God:    Xom [.*....]
Gold:   20         SH:  0    Dex: 14 (15) Spells: 1/1 levels left
                                        Lives:  0   Deaths: 0

rFire    + . .     SeeInvis +     - Unarmed
rCold    + . .     Gourm    .   (shield unavailable)
rNeg     . . .     Faith    .   (armour unavailable)
rPois    +         Spirit   .   (helmet unavailable)
rElec    +         Reflect  .   (cloak unavailable)
rCorr    +         Harm     .   (gloves unavailable)
MR       .....                  (boots unavailable)
Stlth    ++........             (no amulet)
HPRegen  0.04/turn              (no ring)
MPRegen  0.08/turn              (no ring)

@: lethally poisoned (0 -> -5), resistant, hasted, very quick
A: very small, no armour, no weapons or thrown items, stealth, claws 1, fangs 3,
see invisible, carnivore, speed 1, mutation resistance 1, shaggy fur 1, slow
metabolism 1, strong 1, sharp paws
a: Renounce Religion


You were on level 1 of the Dungeon.
You worshipped Xom.
You were a plaything of Xom.
You were not hungry.

You visited 1 branch of the dungeon, and saw 1 of its levels.

You collected 20 gold pieces.

Inventory:

Magical Staves
 f - an uncursed staff of poison {unknown}
Scrolls
 d - a scroll of magic mapping {unknown}
 g - a scroll of identify {unknown}
Comestibles
 a - a ration


   Skills:
 - Level 3.0 Fighting
 - Level 3.2 Dodging
 + Level 3.6 Unarmed Combat


You had one spell level left.
You didn't know any spells.
Your spell library was empty.

Dungeon Overview and Level Annotations

Branches:
Dungeon (1/15)

Altars:


Innate Abilities, Weirdness & Mutations

You cannot wear armour.
You are incapable of wielding weapons or throwing items.
Your paws allow you to move quietly. (Stealth)
You have sharp claws.
You have razor-sharp teeth.
You have supernaturally acute eyesight. (SInv)
You are carnivorous and can eat meat at any time.
You cover ground quickly.
You are covered in fur. (AC +1)
You have a slow metabolism.
Your sharp claws are effective at attacking unaware monsters.
You are somewhat resistant to further mutation.
Your muscles are strong. (Str +2)


Message History

You feel weakened.
You feel dopey.
You feel clumsy.
You feel sick.
You feel sick.
You feel sick.
You feel sick.
You feel sick.
You feel sick.
You feel sick.
You feel sick.
* * * LOW HITPOINT WARNING * * *
You feel sick.
* * * LOW HITPOINT WARNING * * *
You feel sick.
* * * LOW HITPOINT WARNING * * *
You feel sick.
* * * LOW HITPOINT WARNING * * *
You feel sick.
There is an open door here.
You die...
Xom bursts into laughter! ..# .. .. #. #. ♣♣♣♣♣♣♣ #########.## ......♣ #.......#..# PPPPP.♣ ######.......##.######## P≈≈≈P.♣ .....'.@.....'..........
P≈8≈P.♣ ######.......###.####### P≈≈≈P.♣ #.......# #.## PPPPP.♣

#.......#
#..# .....<♣
#.......#
##.# ♣♣♣.♣♣♣
#########
#.# ##..#
#.## ...##
#########..#
...#######
#.......##.#
##


There were no monsters in sight!

Vanquished Creatures
  3 giant cockroaches (D:1)
  A goblin (D:1)
  A hobgoblin (D:1)
  3 kobolds (D:1)
  A bat (D:1)
  A rat (D:1)
10 creatures vanquished.

Notes
Turn   | Place    | Note
-------+----------+-------------------------------------------
     0 | D:1      | Maedhros the Felid Chaos Knight began the quest for the
                  | Orb.
     0 | D:1      | Reached XP level 1. HP: 10/10 MP: 2/2
   182 | D:1      | Reached XP level 2. HP: 6/14 MP: 3/3
   207 | D:1      | XOM: silly message
   252 | D:1      | XOM: silly message
   989 | D:1      | XOM: god gift: knobbly smoking staff {god gift}
  1485 | D:1      | XOM is BORED!
  1869 | D:1      | XOM: summons 1 hostile demon
  1916 | D:1      | XOM: noise
  3471 | D:1      | XOM: give mutations
  3471 | D:1      | Gained mutation: Your muscles are strong. (Str +2) [Xom's
                  | grace]
  3471 | D:1      | Gained mutation: You are somewhat resistant to further
                  | mutation. [Xom's grace]
  3610 | D:1      | XOM: medium Pois miscast
  3661 | D:1      | Succumbed to the capriciousness of Xom's residual poison

Levels and vault maps discovered:
D:1:      tarquinn_simple_flora_water_a, layout_basic, serial_bayou_pond_c,
          hangedman_decor_lopped

Action                   || total
-------------------------++-------
Melee: Unarmed           ||    32
       Bite              ||     1
  Use: Potion            ||     3
  Eat: Chunk             ||     6
Dodge: Dodged            ||    23

Table legend:
 A = Non-vault XP
 B = Vault XP
 C = Vault XP percentage of total XP
 D = Non-vault monster count
 E = Vault monster count
 F = Vault count percentage of total count
                 A         B        C        D         E       F
            +---------+---------+-------+---------+---------+-------
      Total |      16 |       0 |   0.0 |      10 |       0 |   0.0
            +---------+---------+-------+---------+---------+-------
        D:1 |      16 |       0 |   0.0 |      10 |       0 |   0.0
            +---------+---------+-------+---------+---------+-------
